 Dungeon Crawl Stone Soup version 0.21-a0-264-g3e31e41 (webtiles) character file.

43103 sergedm the Eclecticist (level 13, -10/65 HPs)
             Began as a Deep Elf Conjurer on Sept 8, 2017.
             Was a High Priest of Vehumet.
             Killed by the air
             ... invoked by Qosuck the Cloud Mage
              (37 damage)
             ... in a wizard's laboratory.
             The game lasted 01:10:07 (21126 turns).

sergedm the Eclecticist (Deep Elf Conjurer)        Turns: 21126, Time: 01:10:07

Health: -10/65     AC: 13    Str:  6    XL:     13   Next: 89%
Magic:  13/39      EV: 19    Int: 32    God:    Vehumet [*****.]
Gold:   574        SH:  3    Dex: 11    Spells: 6/53 levels left

rFire    . . .     SeeInvis .   t - staff of conjuration
rCold    + . .     Gourm    .   (no shield)
rNeg     . . .     Faith    .   G - +0 troll leather armour of Disguise {rElec rPois MR+ Regen+ Dex-4}
rPois    +         Spirit   .   f - +2 helmet {Int+3}
rElec    +         Reflect  +   (no cloak)
rCorr    +         Harm     .   o - +2 pair of gloves
MR       ++...                  s - +1 pair of boots
Stlth    +++.......             E - +3 amulet of reflection
HPRegen  0.60/turn              m - +6 ring of evasion
MPRegen  0.26/turn              U - ring "Vuahu" {rCorr rC+ Int+4}

@: about to teleport, flying (expiring)
A: no striking features
a: Renounce Religion


You were in a wizard's laboratory.
You worshipped Vehumet.
Vehumet was extremely pleased with you.
You were not hungry.

You visited 4 branches of the dungeon, and saw 16 of its levels.
You also visited: Labyrinth and Wizlab.

You collected 1294 gold pieces.
You spent 720 gold pieces at shops.

Inventory:

Hand Weapons
 C - a +5 short sword
 F - the +4 flail "Hoank" {flame, +Rage Str+3}
   (You found it on level 7 of the Dungeon)

   It has been specially enchanted to burn those struck by it, causing extra
   injury to most foes and up to half again as much damage against particularly
   susceptible opponents.
   It affects your strength (+3).
   It lets you go berserk.
Armour
 a - the cursed +1 robe "Urhel" {rF+ rC++}
   (You found it in a labyrinth)

   It protects you from fire.
   It greatly protects you from cold.
   It has a curse placed upon it.
 f - a +2 helmet of intelligence (worn)
 o - a +2 pair of gloves (worn)
 s - a +1 pair of boots (worn)
 G - the +0 troll leather armour of Disguise (worn) {rElec rPois MR+ Regen+ Dex-4}
   (You found it on level 7 of the Dungeon)

   It affects your dexterity (-4).
   It insulates you from electricity.
   It protects you from poison.
   It affects your resistance to hostile enchantments.
   It increases your rate of regeneration.
 Q - a +2 robe of positive energy
Magical Staves
 t - an uncursed staff of conjuration (weapon)
Jewellery
 i - an uncursed ring of protection from cold
 m - a +6 ring of evasion (left hand)
 w - a +3 ring of strength
 B - an uncursed ring of protection from magic
 E - a +3 amulet of reflection (around neck)
 U - the ring "Vuahu" (right hand) {rCorr rC+ Int+4}
   (You found it in a labyrinth)

   [ring of resist corrosion]

   It affects your intelligence (+4).
   It protects you from cold.
Wands
 n - a wand of scattershot (9/9)
 H - a wand of iceblast (7/15)
 Y - a wand of lightning (11/15)
Scrolls
 h - 5 scrolls of identify
 p - 2 scrolls of teleportation
 r - 2 scrolls of magic mapping
 u - a scroll of torment
 y - a scroll of fog {unknown}
 J - a scroll of holy word {unknown}
 M - 2 scrolls of remove curse
 N - 3 scrolls of amnesia {unknown}
 O - a scroll of silence {unknown}
 R - a scroll of immolation {unknown}
 T - a scroll of random uselessness {unknown}
 W - a scroll of enchant weapon
 X - a scroll of brand weapon {unknown}
Potions
 d - 2 potions of might
 e - a potion of mutation {unknown}
 g - a potion of degeneration {unknown}
 k - 5 potions of agility
 q - a potion of brilliance {unknown}
 v - a potion of haste {unknown}
 x - 3 potions of magic {unknown}
 A - 2 potions of cancellation {unknown}
 I - 3 potions of curing
 L - 3 potions of flight
 P - a potion of lignification {unknown}
Books
 b - a book of Conjurations

   Spells                             Type                      Level
   a - Magic Dart                     Conjuration                  1
   b - Searing Ray                    Conjuration                  2
   c - Dazzling Spray                 Conjuration/Hexes            3
   d - Fulminant Prism                Conjuration/Hexes            4
   e - Force Lance                    Conjuration/Translocation    4
   f - Iskenderun's Mystic Blast      Conjuration                  4
 j - a Fen Folio

   Spells                             Type                      Level
   a - Corpse Rot                     Necromancy                   2
   b - Stone Arrow                    Conjuration/Earth            3
   c - Leda's Liquefaction            Hexes/Earth                  4
   d - Summon Forest                  Summoning/Translocation      5
   e - Hydra Form                     Transmutation                6
   f - Summon Hydra                   Summoning                    7
 D - a book of Power

   Spells                             Type                      Level
   a - Iskenderun's Battlesphere      Conjuration/Charms           5
   b - Venom Bolt                     Conjuration/Poison           5
   c - Bolt of Magma                  Conjuration/Fire/Earth       5
   d - Iron Shot                      Conjuration/Earth            6
   e - Orb of Destruction             Conjuration                  7
   f - Spellforged Servitor           Conjuration/Summoning        7
 V - a book of Cantrips

   Spells                             Type                      Level
   a - Confusing Touch                Hexes                        1
   b - Animate Skeleton               Necromancy                   1
   c - Summon Small Mammal            Summoning                    1
   d - Apportation                    Translocation                1
 Z - Vyehusog's Papyrus of Enchanting Conjuration
   (You found it in a labyrinth)

   Spells                             Type                      Level
   a - Shock                          Conjuration/Air              1
   b - Ensorcelled Hibernation        Hexes/Ice                    2
   c - Portal Projectile              Hexes/Translocation          3
   d - Sticky Flame                   Conjuration/Fire             4
   e - Irradiate                      Conjuration/Transmutation    5
   f - Bolt of Draining               Conjuration/Necromancy       5
Miscellaneous
 S - a phantom mirror
Comestibles
 c - 7 bread rations
 l - 15 royal jellies
 z - 7 meat rations
 K - 2 fruits


   Skills:
 + Level 1.4 Fighting
 + Level 1.6 Short Blades
 + Level 3.5 Armour
 + Level 4.7 Dodging
 + Level 5.2 Stealth
 + Level 20.8 Spellcasting
 + Level 14.4 Conjurations
 + Level 5.7 Hexes
 * Level 5.2 Summonings
 + Level 2.4 Necromancy
 + Level 2.7 Translocations


You had 6 spell levels left.
You knew the following spells:

 Your Spells              Type           Power        Failure   Level  Hunger
a - Magic Dart            Conj           ####         0%          1    None
b - Searing Ray           Conj           ######       0%          2    None
c - Iskenderun's Mystic   Conj           ########     1%          4    None
d - Fulminant Prism       Conj/Hex       #######...   1%          4    None
e - Force Lance           Conj/Tloc      #######.     1%          4    None
f - Bolt of Draining      Conj/Necr      #######...   1%          5    None
g - Sticky Flame          Conj/Fire      #######.     1%          4    None
h - Orb of Destruction    Conj           ########..   1%          7    ##.....
i - Spellforged Servitor  Conj/Summ      #######...   6%          7    ##.....
j - Bolt of Cold          Conj/Ice       #######...   3%          6    None
q - Dazzling Spray        Conj/Hex       ######       1%          3    None


Dungeon Overview and Level Annotations

Branches:
Dungeon (12/15)            Temple (1/1) D:5            Lair (0/6) D:11
    Orc (2/2) D:12            Elf (1/3) Orc:2

Altars:
Ashenzari
Cheibriados
Dithmenos
Elyvilon
Fedhas
Gozag
Hepliaklqana
Kikubaaqudgha
Makhleb
Nemelex Xobeh
Okawaru
Qazlal
Ru
Sif Muna
Trog
Uskayaw
Vehumet
Wu Jian
Xom
Yredelemnul
Zin
The Shining One
Beogh

Shops:
D:7 *   D:10 (   Orc:1 ((   Orc:2 ::%=[*


Message History

Press: ? - help, Shift-Dir - straight line, f/p - Qosuck
Aim: Qosuck the Cloud Mage, wielding a dagger of freezing and wearing the +3 robe of Clouds {+Fly rElec} (raging winds, surrounded by raging winds)
You feel a surge of power!
The vortex of raging winds lifts you up.
You fly up into the air.
Your orb of destruction hits a wall of white crystal.
Your spellforged servitor points at Qosuck and mumbles some strange words.
The bolt of cold hits Qosuck.
Casting: Orb of Destruction
Confirm with . or Enter, or press ? or * to list all spells.
Aiming: Orb of Destruction
Press: ? - help, Shift-Dir - straight line, f/p - Qosuck
Aim: Qosuck the Cloud Mage, wielding a dagger of freezing and wearing the +3 robe of Clouds {+Fly rElec} (raging winds, lightly wounded, surrounded by raging winds)
You feel a surge of power!
As you read the scroll of teleportation, it crumbles to dust.
You feel strangely unstable.
You are engulfed in raging winds.
Qosuck waves its arms in wide circles.
The air twists around and violently strikes you in flight!
Ouch! That really hurt!
You die...

§§≈≈≈≈≈≈≈≈≈≈≈≈≈≈≈≈§≈§§§§§§§≈§§≈≈≈
§§≈≈≈≈≈≈≈≈≈≈≈≈≈≈≈≈§≈§§§§§§§§≈≈≈≈≈
▓▓▓▓▓▓▓▓▓▓▓▓▓▓▓▓▓▓▓▓▓▓▓▓▓▓▓§§≈≈≈≈
..............[...........▓▓▓§§§§
≈≈≈≈≈≈≈≈≈≈≈≈[≈≈≈≈≈≈≈≈≈≈≈≈...▓▓▓≈≈
≈≈≈≈####################≈≈≈...▓▓≈
≈≈### ###########≈≈≈≈≈..▓≈ ###
.#.§#§§#§§#§§##≈≈≈≈≈≈.▓▓ #
§...§§§@§§§§§§#≈≈≈≈≈≈..▓
§...§§§§§§§§§§#≈≈≈≈≈≈≈.▓
.k§.§§§§§§@§§§#≈§≈≈≈≈≈..
§..§§§§§§§§§§§......... §§§
§§§§§§§§§§#≈%≈≈≈≈≈..
§§§§§§*§§§§#≈≈≈≈≈≈≈.▓ #
.§§8§§§§§§§#≈≈≈≈≈≈..▓ ###
..#§§#§§#§§##≈≈≈≈≈≈.▓▓ ≈≈###
######### #≈≈≈≈≈..▓≈


You could see Qosuck the Cloud Mage, a wind drake and a friendly spellforged
servitor.

Vanquished Creatures
  The ghost of Mandevil the Spear-Bearer, a journeyman NaMo of Cheibriados (D:12)
  Josephine (D:11)
  A minotaur (Lab)
  A hydra (D:11)
  2 spriggan air magi (WizLab)
  2 centaur warriors
  4 ogre magi (Orc:2)
  13 two-headed ogres
  Urug (D:12)
  Nergalle (D:12)
  Pikel (D:9)
  An ugly thing (D:11)
  A cyclops (Orc:1)
  Joseph (D:7)
  A komodo dragon (D:11)
  3 centaur skeletons
  A queen bee (D:10)
  3 trolls
  A hornet (D:8)
  4 wind drakes (WizLab)
  2 hippogriffs
  2 dream sheep (D:8)
  A redback (Lab)
  5 wraiths (D:11)
  15 air elementals (WizLab)
  A fire elemental (Elf:1)
  5 wyverns
  6 yaks
  3 basilisks
  A hungry ghost (D:8)
  A warg (Orc:2)
  8 insubstantial wisps (WizLab)
  A soldier ant (D:12)
  A water moccasin (D:11)
  2 ice beasts
  2 sky beasts
  4 slaves (D:9)
  13 orc warriors
  4 phantoms
  2 black bears
  26 ogres
  A necrophage (D:10)
  9 centaurs
  The ghost of sergedm the Conjurer, an amateur DECj (D:4)
  6 bullfrogs
  6 big kobolds
  7 scorpions
  2 wyvern skeletons
  A hornet simulacrum (D:11)
  31 killer bees
  8 electric eels (D:10)
  5 wights (D:10)
  2 howler monkeys
  4 lava snakes (Lab)
  11 crimson imps
  7 hounds
  A quasit (D:8)
  5 bullfrog skeletons
  14 orc priests
  2 jellies (D:5)
  Ijyb (D:7)
  17 orc wizards
  8 worker ants
  A hound zombie (D:9)
  A hound skeleton (D:6)
  2 howler monkey skeletons
  10 adders
  10 gnolls
  A shadow imp (D:8)
  An ooze (D:1)
  2 adder zombies
  3 worms
  3 dart slugs
  5 leopard geckos
  52 orcs
  2 ball pythons
  5 giant cockroaches
  7 goblins
  8 hobgoblins
  15 jackals
  4 quokkas
  16 bats
  5 frilled lizards
  27 kobolds
  8 rats
  9 plants
495 creatures vanquished.

Vanquished Creatures (collateral kills)
  A spriggan air mage (WizLab)
  5 wind drakes (WizLab)
  A jumping spider (shapeshifter) (Elf:1)
  17 air elementals (WizLab)
  5 insubstantial wisps (WizLab)
29 creatures vanquished.

Vanquished Creatures (others)
  103 fulminant prisms
  16 fungi (D:4)
  16 plants
135 creatures vanquished.

Grand Total: 659 creatures vanquished

Notes
Turn   | Place    | Note
-------+----------+-------------------------------------------
     0 | D:1      | sergedm the Deep Elf Conjurer began the quest for the Orb.
     0 | D:1      | Reached XP level 1. HP: 10/10 MP: 6/6
   177 | D:1      | Reached XP level 2. HP: 15/15 MP: 5/8
   181 | D:1      | Learned a level 2 spell: Searing Ray
   490 | D:1      | Found a glowing golden altar of the Shining One.
   639 | D:1      | Reached skill level 5 in Conjurations
  1021 | D:1      | Reached XP level 3. HP: 19/19 MP: 5/10
  1438 | D:2      | Reached skill level 4 in Spellcasting
  1554 | D:2      | Reached XP level 4. HP: 21/24 MP: 3/12
  1627 | D:2      | Learned a level 3 spell: Dazzling Spray
  1632 | D:2      | Learned a level 4 spell: Iskenderun's Mystic Blast
  1904 | D:2      | Reached skill level 5 in Spellcasting
  2189 | D:3      | Reached XP level 5. HP: 22/28 MP: 5/15
  2263 | D:3      | Learned a level 4 spell: Fulminant Prism
  2458 | D:3      | Found an ancient bone altar of Kikubaaqudgha.
  2730 | D:4      | Reached skill level 6 in Spellcasting
  2730 | D:4      | Reached XP level 6. HP: 19/32 MP: 1/17
  3029 | D:4      | Noticed sergedm's ghost (amateur DECj)
  3036 | D:4      | Killed sergedm's ghost
  3482 | D:4      | Reached skill level 7 in Spellcasting
  3644 | D:4      | Reached XP level 7. HP: 36/36 MP: 6/19
  3655 | D:4      | Found a snail-covered altar of Cheibriados.
  3991 | D:4      | Reached skill level 1 in Short Blades
  4088 | D:4      | Found a stormy altar of Qazlal.
  4109 | D:4      | Reached skill level 8 in Spellcasting
  4625 | D:5      | Entered Level 5 of the Dungeon
  4625 | D:5      | Found a staircase to the Ecumenical Temple.
  4630 | Temple   | Entered the Ecumenical Temple
  4637 | Temple   | Became a worshipper of Vehumet
  4806 | D:5      | Learned a level 4 spell: Force Lance
  4909 | D:5      | Reached skill level 9 in Spellcasting
  4909 | D:5      | Reached XP level 8. HP: 42/42 MP: 13/23
  5346 | D:5      | Reached skill level 10 in Spellcasting
  5680 | D:5      | You fall through a shaft!
  6199 | D:6      | Reached skill level 1 in Hexes
  6212 | D:6      | Reached skill level 11 in Spellcasting
  6470 | D:6      | Reached * piety under Vehumet
  6470 | D:6      | Offered knowledge of Shock by Vehumet.
  6478 | D:6      | Reached XP level 9. HP: 46/46 MP: 11/26
  7590 | D:7      | Reached skill level 12 in Spellcasting
  7595 | D:7      | Noticed Ijyb
  8131 | D:7      | Killed Ijyb
  8255 | D:7      | Got a twisted flail
  8381 | D:7      | Noticed Joseph
  8395 | D:7      | Noticed a centaur warrior
  8398 | D:7      | Killed a centaur warrior
  8398 | D:7      | Reached skill level 13 in Spellcasting
  8654 | D:7      | Found Gozag's Platinum Reserve.
  8665 | D:7      | Got a jewelled troll leather armour
  8666 | D:7      | Identified the cursed +0 troll leather armour of Disguise {rElec rPois MR+ Regen+ Dex-4} (You found it on level 7 of the Dungeon)
  8677 | D:7      | Identified the +4 flail "Hoank" {flame, +Rage Str+3} (You found it on level 7 of the Dungeon)
  8819 | D:7      | Killed Joseph
  9291 | D:7      | Found an opulent altar of Gozag.
  9339 | D:8      | Reached XP level 10. HP: 51/51 MP: 12/29
  9449 | D:8      | Found a snail-covered altar of Cheibriados.
  9658 | D:8      | Reached skill level 14 in Spellcasting
  9843 | D:8      | Reached ** piety under Vehumet
  9843 | D:8      | Offered knowledge of Freeze by Vehumet.
  9959 | D:8      | Reached skill level 10 in Conjurations
 10214 | D:8      | Noticed a three-headed hydra
 10222 | D:8      | Reached skill level 1 in Armour
 10343 | D:8      | Reached skill level 15 in Spellcasting
 10609 | D:9      | Found a roughly hewn altar of Beogh.
 10972 | D:9      | Noticed Pikel
 10980 | D:9      | Killed Pikel
 11385 | D:9      | Found a hazy altar of Hepliaklqana.
 11527 | D:10     | Entered Level 10 of the Dungeon
 11571 | D:10     | Offered knowledge of Throw Frost by Vehumet.
 11578 | D:10     | Noticed a centaur warrior
 11580 | D:10     | Killed a centaur warrior
 11580 | D:10     | Reached XP level 11. HP: 35/55 MP: 14/32
 11718 | D:10     | Reached *** piety under Vehumet
 12280 | D:10     | Reached skill level 16 in Spellcasting
 12312 | D:10     | Offered knowledge of Mephitic Cloud by Vehumet.
 12460 | D:10     | Reached **** piety under Vehumet
 12513 | D:10     | Reached skill level 1 in Fighting
 12602 | D:10     | Offered knowledge of Lee's Rapid Deconstruction by Vehumet.
 12944 | D:10     | Found Bioxkas's Weapon Emporium.
 13026 | D:10     | Found a shimmering altar of Xom.
 13481 | D:11     | Noticed a four-headed hydra
 13493 | D:11     | Killed a four-headed hydra
 13945 | D:11     | Reached skill level 17 in Spellcasting
 14090 | D:11     | Found a staircase to the Lair.
 14219 | D:11     | Noticed a two-headed ogre
 14224 | D:11     | Noticed a green ugly thing
 14224 | D:11     | Killed a two-headed ogre
 14250 | D:11     | Killed a green ugly thing
 14450 | D:11     | Noticed Josephine
 14465 | D:11     | Killed Josephine
 14465 | D:11     | Reached skill level 5 in Stealth
 14465 | D:11     | Reached XP level 12. HP: 56/61 MP: 12/35
 14903 | D:11     | Found a deep blue altar of Sif Muna.
 14969 | D:12     | Noticed Mandevil's ghost (journeyman NaMo)
 15286 | D:12     | Reached skill level 18 in Spellcasting
 15616 | D:12     | Found a staircase to the Orcish Mines.
 15649 | D:12     | Noticed Urug
 15661 | D:12     | Killed Urug
 15910 | D:12     | Killed Mandevil's ghost
 16051 | D:12     | Reached ***** piety under Vehumet
 16051 | D:12     | Offered knowledge of Airstrike by Vehumet.
 16088 | D:12     | Found a roughly hewn altar of Beogh.
 16193 | D:12     | Noticed Nergalle
 16194 | D:12     | Reached skill level 5 in Hexes
 16202 | D:12     | Killed Nergalle
 16392 | Orc:1    | Entered Level 1 of the Orcish Mines
 16398 | Orc:1    | Found Nypeon's Weapon Shop.
 16447 | Orc:1    | Reached skill level 1 in Translocations
 16786 | Orc:1    | Found Sesolig's Antique Weapon Boutique.
 16916 | Orc:2    | Entered Level 2 of the Orcish Mines
 16930 | Orc:2    | Noticed a two-headed ogre
 16939 | Orc:2    | Noticed a two-headed ogre
 16943 | Orc:2    | Noticed a two-headed ogre
 16944 | Orc:2    | Noticed a two-headed ogre
 16944 | Orc:2    | Noticed a two-headed ogre
 16945 | Orc:2    | Noticed a two-headed ogre
 16946 | Orc:2    | Noticed a two-headed ogre
 16946 | Orc:2    | Noticed an ogre mage
 16955 | Orc:1    | Killed a two-headed ogre
 17051 | Orc:2    | Found a labyrinth entrance.
 17061 | Lab      | Entered a labyrinth
 17082 | Lab      | Reached skill level 19 in Spellcasting
 17417 | Lab      | Noticed a minotaur
 17427 | Lab      | Killed a minotaur
 17429 | Lab      | Identified Vyehusog's Papyrus of Enchanting Conjuration
 17430 | Lab      | Got a clouded wooden ring
 17438 | Lab      | Got a crude robe
 17445 | Lab      | Learned a level 5 spell: Bolt of Draining
 17598 | Orc:2    | Noticed a two-headed ogre
 17598 | Orc:2    | Noticed a two-headed ogre
 17613 | Orc:2    | Killed a two-headed ogre
 17614 | Orc:2    | Killed a two-headed ogre
 17844 | Orc:1    | Learned a level 4 spell: Sticky Flame
 17848 | Orc:2    | Found Ugasucre's Book Emporium.
 17853 | Orc:2    | Found a staircase to the Elven Halls.
 17864 | Orc:2    | Noticed a two-headed ogre
 17871 | Orc:2    | Killed a two-headed ogre
 17874 | Orc:2    | Killed a two-headed ogre
 17956 | Orc:1    | Killed a two-headed ogre
 17956 | Orc:1    | Reached XP level 13. HP: 52/65 MP: 6/38
 18329 | Orc:2    | Reached skill level 20 in Spellcasting
 18356 | Orc:2    | Reached skill level 1 in Necromancy
 18636 | Orc:2    | Bought a book of Power for 720 gold pieces
 18644 | Orc:2    | Learned a level 7 spell: Orb of Destruction
 18652 | Orc:2    | Learned a level 7 spell: Spellforged Servitor
 18688 | Orc:2    | Found Yleyx's Book Emporium.
 18845 | Orc:2    | Found Jempitt's Jewellery Shoppe.
 18845 | Orc:2    | Found Dolalos's Food Shop.
 18847 | Orc:2    | Found Hionemuck's Assorted Antiques.
 18847 | Orc:2    | Found Taru's Armour Shoppe.
 18925 | Orc:2    | Identified the cursed +1 robe "Urhel" {rF+ rC++} (You found it in a labyrinth)
 19142 | Elf:1    | Entered Level 1 of the Elven Halls
 19157 | Elf:1    | Identified the ring "Vuahu" {rCorr rC+ Int+4} (You found it in a labyrinth)
 19227 | Elf:1    | Found a magical portal.
 19233 | WizLab   | Entered The Chambers of the Cloud Mage
 19390 | WizLab   | Offered knowledge of Bolt of Cold by Vehumet.
 19398 | WizLab   | Learned a level 6 spell: Bolt of Cold
 20712 | WizLab   | Reached skill level 5 in Summonings
 21120 | WizLab   | Noticed Qosuck
 21126 | WizLab   | Killed from afar by Qosuck the Cloud Mage

Vault maps used:
D:1:      minmay_arrival_up_and_down, tso_altar
D:2:      first_bread
D:3:      kiku_gazebo_garden_becter
D:4:      old_forge, kennysheep_little_box, cheibriados_altar_1, uniq_ijyb
D:5:      minmay_temple_entry_butterflies, serial_park_tiny_pond
D:6:      nicolae_benzene_ring
D:7:      nicolae_gozag_zags_fifth_avenue, uniq_joseph
D:8:      kennysheep_mini_moat, hangedman_ranch, sword_in_stone
D:9:      nicolae_overflow_crystal_walls, david_defended_altar_orc, uniq_pikel
D:10:     serial_shops, shop, serial_bayou, serial_bayou_pond_a,
          serial_bayou_lagoon_a, serial_bayou_pond_a, serial_bayou_lake_a,
          xom_teletrap_fun
D:11:     david_lair_shrubbed, serial_glass, glass_columns_c, glass_columns_a,
          glass_columns_c, glass_columns_a, glass_columns_b,
          lemuel_blue_sif_altar, uniq_josephine
D:12:     minmay_orc_entry_temple_small, serial_glass, glass_columns_c,
          glass_columns_b, glass_columns_b, glass_columns_a, item_on_display_a,
          uniq_urug, uniq_nergalle
Temple:   minmay_crystal_spiral_temple
Orc:1:    serial_shops, shop_fountains, nicolae_shop_waterfront
Orc:2:    st_orc_ogre_mass, serial_shops, nicolae_shop_waterfront, shop,
          lab_entry_generic
Elf:1:    serial_glass, glass_columns_b, glass_columns_a, due_unseen_surprise,
          feat_on_display, infiniplex_enter_wizlab_spiral,
          minmay_elf_necromancy, nicolae_elf_big_sculpture_2
Lab:      labyrinth_hidden_loot, nicolae_lab_diamond, nicolae_lab_arrow,
          labyrinth_skeletal_remains, labyrinth_lava_lair, labyrinth_fake_exit,
          nicolae_lab_grate_2, nicolae_lab_t_cross, nicolae_lab_dead_end,
          lab_statue, nicolae_lab_very_dead_end
WizLab:   wizlab_cloud

Skill      XL: |  1  2  3  4  5  6  7  8  9 10 11 12 13 |
---------------+----------------------------------------+-----
Conjurations   | 5 6 7 8 9 11 12 13 14 | 14.4
Spellcasting   | 4 5 6 7 9 11 13 15 17 19 20 | 20.8
Stealth        | 3 4 5 |  5.2
Dodging        | 3 4 |  4.7
Short Blades   | 1 |  1.6
Hexes          | 1 2 3 4 5 |  5.7
Armour         | 1 2 3 |  3.5
Fighting       | 1 |  1.4
Translocations | 1 2 |  2.7
Necromancy     | 2 |  2.4
Summonings     | 5 |  5.2

Action                   |  1- 3 |  4- 6 |  7- 9 | 10-12 | 13-15 || total
-------------------------+-------+-------+-------+-------+-------++-------
Melee: Short sword       |       |     1 |     4 |       |       ||     5
       Flail             |       |       |       |     5 |       ||     5
 Cast: Magic Dart        |    89 |   102 |   146 |    71 |    13 ||   421
       Searing Ray       |     1 |     4 |     4 |    11 |     1 ||    21
       Dazzling Spray    |       |     2 |     2 |     3 |       ||     7
       Iskenderun's Myst |       |     3 |    67 |   249 |    45 ||   364
       Fulminant Prism   |       |     2 |    17 |    83 |     1 ||   103
       Force Lance       |       |       |       |    23 |    31 ||    54
       Bolt of Draining  |       |       |       |     7 |    16 ||    23
       Spellforged Servi |       |       |       |       |    27 ||    27
       Orb of Destructio |       |       |       |       |    19 ||    19
       Bolt of Cold      |       |       |       |       |     1 ||     1
  Use: Scroll            |       |     5 |     3 |     7 |     7 ||    22
       Potion            |       |       |     3 |     3 |       ||     6
  Eat: Chunk             |     2 |     6 |    13 |    25 |    13 ||    59
       Bread ration      |       |       |     1 |       |       ||     1
       Royal jelly       |       |       |       |     1 |       ||     1
       Fruit             |       |       |       |     1 |       ||     1
Armor: Robe              |     1 |    25 |    10 |       |       ||    36
       Troll leather arm |       |       |       |    24 |     3 ||    27
Dodge: Dodged            |     5 |    38 |    44 |    70 |    21 ||   178
Block: Other             |       |       |       |     9 |     1 ||    10
       Reflection        |       |       |       |     1 |       ||     1

Table legend:
 A = Spawn XP
 B = Non-spawn XP
 C = Spawn XP percentage of total XP
 D = Spawn monster count
 E = Non-spawn monster count
 F = Spawn count percentage of total count
 G = Total turns spent on level
                    A         B        C        D         E        F      G
               +---------+---------+-------+---------+---------+-------+---------
         Total |       0 |   61577 |   0.0 |       0 |     511 |   0.0 | 21126
               +---------+---------+-------+---------+---------+-------+---------
           D:1 |       0 |      42 |   0.0 |       0 |      26 |   0.0 |  1211
           D:2 |       0 |     118 |   0.0 |       0 |      30 |   0.0 |   875
           D:3 |       0 |      90 |   0.0 |       0 |      12 |   0.0 |   879
           D:4 |       0 |    1118 |   0.0 |       0 |      40 |   0.0 |  1660
           D:5 |       0 |     721 |   0.0 |       0 |      15 |   0.0 |  1080
           D:6 |       0 |    1111 |   0.0 |       0 |      23 |   0.0 |  2078
           D:7 |       0 |    2244 |   0.0 |       0 |      18 |   0.0 |  1382
           D:8 |       0 |    3072 |   0.0 |       0 |      37 |   0.0 |  1063
           D:9 |       0 |    1378 |   0.0 |       0 |      12 |   0.0 |  1130
          D:10 |       0 |    4792 |   0.0 |       0 |      63 |   0.0 |  1815
          D:11 |       0 |    7912 |   0.0 |       0 |      43 |   0.0 |  1907
          D:12 |       0 |    5591 |   0.0 |       0 |      35 |   0.0 |  1143
         Orc:1 |       0 |    4760 |   0.0 |       0 |      30 |   0.0 |  1031
         Orc:2 |       0 |   14971 |   0.0 |       0 |      60 |   0.0 |  1182
         Elf:1 |       0 |     442 |   0.0 |       0 |       2 |   0.0 |    91
           Lab |       0 |    1880 |   0.0 |       0 |       8 |   0.0 |   537
        WizLab |       0 |   11335 |   0.0 |       0 |      57 |   0.0 |  1893
               +---------+---------+-------+---------+---------+-------+---------
